 Dungeon Crawl Stone Soup version 0.29-a0-982-gaed3a0c8d8 (webtiles) character file.

Game seed: 4276006483268613636

111 leavemydog the Chopper (level 4, 0/40 HPs)
             Began as a Hill Orc Fighter on Aug 1, 2022.
             Slain by a gnoll
             ... wielding a +2 spear of freezing
              (3 damage)
             ... on level 3 of the Dungeon.
             The game lasted 00:02:05 (2212 turns).

leavemydog the Chopper (Hill Orc Fighter)           Turns: 2212, Time: 00:02:05

Health: 0/40       AC:  8    Str: 20    XL:     4   Next: 92%
Magic:  4/4        EV:  9    Int:  8    God:
Gold:   143        SH:  4    Dex: 10    Spells: 3/3 levels left

rFire   . . .      SeeInvis .   a - +0 war axe
rCold   . . .      Faith    .   c - +0 buckler
rNeg    . . .      Spirit   .   b - +0 scale mail
rPois   .          Reflect  .   l - +0 helmet
rElec   .          Harm     .   (no cloak)
rCorr   +          Rampage  .   (no gloves)
Will    .....                   (no boots)
Stlth   ..........              (no amulet)
HPRegen 0.13/turn               h - ring of resist corrosion
MPRegen 0.09/turn               i - +4 ring of slaying

@: no status effects
A: no striking features
a: no special abilities


You were on level 3 of the Dungeon.
You visited 1 branch of the dungeon, and saw 3 of its levels.

You collected 143 gold pieces.

Inventory:

Hand Weapons
 a - a +0 war axe (weapon)
Armour
 b - a +0 scale mail (worn)
 c - a +0 buckler (worn)
 l - a +0 helmet (worn)
Jewellery
 h - a ring of resist corrosion (left hand)
 i - a +4 ring of slaying (right hand)
 j - a +6 ring of dexterity
Scrolls
 f - a scroll of fear {unknown}
 m - a scroll of silence {unknown}
Potions
 d - a potion of might
 e - a potion of haste {unknown}
 g - a potion of degeneration {unknown}
 k - a potion of heal wounds {unknown}


   Skills:
 + Level 4.1 Fighting
 * Level 5.0 Axes
 + Level 4.0 Armour
 + Level 3.7 Shields


You had 3 spell levels left.
You didn't know any spells.
Your spell library was empty.

Dungeon Overview and Level Annotations

Branches:
Dungeon (3/15)

Altars:


Message History

The adder poisons you!
You slash the adder!
You kill the adder!
You feel sick.
Your Axes skill increases to level 5!
No target in view!
No target in view!
You feel sick.
You feel sick.
You are no longer poisoned.
m - a scroll labelled JENASU ISTOVI Done exploring.
Okay, then.
(D) Dungeon
Where to? (Enter - D:2, ? - help)
There is a stone staircase leading down here.
You climb downwards.
There is a stone staircase leading up here.
A gnoll is nearby!
A gnoll is nearby!
The gnoll hits you from afar with a +2 spear of freezing!
The gnoll freezes you.
The gnoll hits you with a +2 spear of freezing.
The gnoll freezes you.
You are too injured to fight recklessly!
You are too injured to fight recklessly!
You are too injured to fight recklessly!
You are too injured to fight recklessly!
You are too injured to fight recklessly!
The gnoll attacks as you move away!
The gnoll hits you with a +2 spear of freezing!
The gnoll freezes you.
* * * LOW HITPOINT WARNING * * *
The gnoll hits you from afar with a +2 spear of freezing.
* * * LOW HITPOINT WARNING * * *
The gnoll freezes you.
* * * LOW HITPOINT WARNING * * *
There is a stone staircase leading up here.
The gnoll hits you from afar with a +2 spear of freezing.
You die...

#########
#@.......
#.#######
#g# #.#
#.# #...#
.......
###...###
##.##


You could see a gnoll.

Vanquished Creatures
  Robin (D:2)
  3 gnolls
  2 adders (D:2)
  A dart slug (D:2)
  6 endoplasms
  2 giant cockroaches (D:2)
  9 goblins
  7 hobgoblins
  6 kobolds
  2 quokkas
  A ball python (D:1)
  3 bats
  A frilled lizard (D:1)
  6 rats
50 creatures vanquished.

Notes
Turn   | Place    | Note
-------+----------+-------------------------------------------
     0 | D:1      | leavemydog the Hill Orc Fighter began the quest for the
                  | Orb.
     0 | D:1      | Reached XP level 1. HP: 19/19 MP: 1/1
   201 | D:1      | Reached skill level 3 in Axes
   201 | D:1      | Reached XP level 2. HP: 26/27 MP: 2/2
  1142 | D:1      | Reached XP level 3. HP: 25/33 MP: 3/3
  1352 | D:2      | Reached skill level 4 in Axes
  1370 | D:2      | Reached XP level 4. HP: 40/40 MP: 4/4
  1728 | D:2      | Noticed Robin
  1746 | D:2      | Killed Robin
  1975 | D:2      | Found a faded altar of an unknown god.
  2125 | D:2      | Reached skill level 5 in Axes
  2208 | D:3      | HP: 2/40 [gnoll/+2 spear of freezing (1)]
  2212 | D:3      | Slain by a gnoll

Illustrated notes

Levels and vault maps discovered:
D:1:      lemuel_arrival_muddy, layout_basic, chequers_serial_rivers_large_b
D:2:      layout_rooms, chequers_ecumenical_altar_grove, uniq_robin
D:3:      layout_loops_ring, chequers_serial_rivers_micro_b, st_stairs_6,
          uniq_ijyb, uniq_jessica

Skill      XL: |  1  2  3  4 |
---------------+-------------+-----
Axes           | 3 4 5 |  5.0
Fighting       | 4 |  4.1
Armour         | 4 |  4.0
Shields        | |  3.7

Action                   |  1- 3 |  4- 6 || total
-------------------------+-------+-------++-------
Melee: War axe           |    61 |    55 ||   116
Armor: Scale mail        |    30 |    24 ||    54
Dodge: Dodged            |    29 |    29 ||    58
Block: Buckler           |    11 |     9 ||    20

Table legend: (Time is in decaauts)
 A = Elapsed time spent in this place.
 B = Non-inter-level travel time spent in this place.
 C = Inter-level travel time spent in this place.
 D = Time resting spent in this place.
 E = Time spent auto-exploring this place.
 F = Levels seen in this place.
 G = Mean time per level.
                   A        B        C        D        E       F      G
               +--------+--------+--------+--------+--------+-----+--------+
         Total |   2285 |   2249 |     36 |    301 |   1631 |   3 |  761.7 |
       Dungeon |   2285 |   2249 |     36 |    301 |   1631 |   3 |  761.7 |
               +--------+--------+--------+--------+--------+-----+--------+

Top non-repeatable levels by time:
     D:1: 1350 daAuts
     D:2: 925 daAuts
     D:3: 8 daAuts
